 Dungeon Crawl Stone Soup version 0.22-a0-305-gd21a89c (webtiles) character file.

214 Amnesiac the Conjurer (level 5, -6/35 HPs)
             Began as a Mummy Conjurer on Mar 30, 2018.
             Mangled by an iguana (15 damage)
             ... on level 4 of the Dungeon.
             The game lasted 00:03:25 (2969 turns).

Amnesiac the Conjurer (Mummy Conjurer)              Turns: 2969, Time: 00:03:26

Health: -6/35      AC:  5    Str: 12    XL:     5   Next: 59%
Magic:  1/12       EV: 12    Int: 15    God:
Gold:   145        SH:  0    Dex: 12    Spells: 8/13 levels left

rFire    x . .     SeeInvis .   (no weapon)
rCold    + . .     Gourm    .   (no shield)
rNeg     + + +     Faith    .   a - +0 robe
rPois    ∞         Spirit   .   j - +2 helmet "Ywonej" {rN+ MR- Slay+2}
rElec    .         Reflect  .   (no cloak)
rCorr    .         Harm     .   (no gloves)
MR       .....                  (no boots)
Stlth    ++........             (no amulet)
HPRegen  0.11/turn              (no ring)
MPRegen  0.13/turn              (no ring)

@: about to teleport
A: no food or potions, fire vulnerability, cold resistance 1, negative energy
resistance 3, torment resistance, unbreathing
a: no special abilities


You were on level 4 of the Dungeon.
You were not hungry.

You visited 1 branch of the dungeon, and saw 4 of its levels.

You collected 145 gold pieces.

Inventory:

Missiles
 d - 2 needles of paralysis
 g - 2 needles of confusion
Armour
 a - a +0 robe (worn)
 j - the +2 helmet "Ywonej" (worn) {rN+ MR- Slay+2}
   (You took it off Robin on level 1 of the Dungeon)

   It affects your accuracy and damage with ranged weapons and melee attacks
   (+2).
   It protects you from negative energy.
   It affects your resistance to hostile enchantments.
Wands
 e - a wand of random effects (16)
Scrolls
 b - 2 scrolls of identify {!r, unknown}
 c - a scroll of blinking {!r, unknown}
 f - 3 scrolls of enchant weapon {!r, unknown}
 h - 3 scrolls of immolation {!r, unknown}
 i - a scroll of remove curse {!r, unknown}
 k - a scroll of magic mapping {!r, unknown}
 l - a scroll of teleportation {!r}


   Skills:
 - Level 1.5 Dodging
 - Level 1.5 Stealth
 + Level 4.9 Spellcasting
 * Level 5.0 Conjurations


You had 8 spell levels left.
You knew the following spells:

 Your Spells              Type           Power        Failure   Level  Hunger
a - Magic Dart            Conj           ###.         1%          1    N/A
d - Iskenderun's Mystic   Conj           ###.....     21%         4    N/A

Dungeon Overview and Level Annotations

Branches:
Dungeon (4/15)
 Temple: D:4-7

Altars:
Elyvilon
Hepliaklqana
Wu Jian
Xom

Annotations:
D:3 xccam's ghost, amateur FoFi


Innate Abilities, Weirdness & Mutations

You do not eat or drink.
Your flesh is vulnerable to fire.
You are immune to poison.
Your flesh is cold resistant. (rC+)
You are immune to negative energy. (rN+++)
You are immune to unholy pain and torment.
You can survive without breathing.


Message History

The hound bites you but does no damage.
Casting: Magic Dart (safe; 2% risk of failure)
Confirm with . or Enter, or press ? or * to list all spells.
Aiming: Magic Dart (safe; 2% risk of failure)
Press: ? - help, Shift-Dir - straight line, f/p - hound
Aim: a hound (almost dead)
The magic dart hits the hound.
You kill the hound!
Casting: Magic Dart (safe; 2% risk of failure)
Confirm with . or Enter, or press ? or * to list all spells.
Aiming: Magic Dart (safe; 2% risk of failure)
Press: ? - help, Shift-Dir - straight line, f - adder
Aim: an adder The magic dart hits the adder.
The adder is moderately wounded.
The adder bites you but does no damage. x2
Casting: Magic Dart (safe; 2% risk of failure)
Confirm with . or Enter, or press ? or * to list all spells.
Aiming: Magic Dart (safe; 2% risk of failure)
Press: ? - help, Shift-Dir - straight line, f/p - adder
Aim: an adder (moderately wounded)
The magic dart hits the adder.
The adder is moderately wounded.
The adder misses you.
Your magical contamination has completely faded away.
Casting: Magic Dart (safe; 2% risk of failure)
Confirm with . or Enter, or press ? or * to list all spells.
Aiming: Magic Dart (safe; 2% risk of failure)
Press: ? - help, Shift-Dir - straight line, f/p - adder
Aim: an adder (moderately wounded)
The magic dart hits the adder.
The adder is severely wounded.
The adder bites you.
* * * LOW HITPOINT WARNING * * *
The adder bites you but does no damage.
Casting: Magic Dart (safe; 2% risk of failure)
Confirm with . or Enter, or press ? or * to list all spells.
Aiming: Magic Dart (safe; 2% risk of failure)
Press: ? - help, Shift-Dir - straight line, f/p - adder
Aim: an adder (severely wounded)
The magic dart hits the adder.
You kill the adder!
Your Conjurations skill increases to level 5!
Casting: Magic Dart (safe; 1% risk of failure)
Confirm with . or Enter, or press ? or * to list all spells.
You don't have enough magic to cast that spell.
Casting: Magic Dart (safe; 1% risk of failure)
Confirm with . or Enter, or press ? or * to list all spells.
You don't have enough magic to cast that spell.
Casting: Magic Dart (safe; 1% risk of failure)
Confirm with . or Enter, or press ? or * to list all spells.
You don't have enough magic to cast that spell.
An orc priest comes into view. It is wielding a club.
The orc priest shouts!
You hear a shout! x2
An orc comes into view. It is wielding a whip.
An orc comes into view. It is wielding a club.
The orc shouts!
The orc barely misses you.
Found a stone staircase leading up.
Really read
l - 2 scrolls labeled JUWYUF ZOGGU {!r}?
As you read the scroll labeled JUWYUF ZOGGU {!r}, it crumbles to dust.
You feel strangely unstable.
It was a scroll of teleportation {!r}.
The orc hits you but does no damage. The iguana bites you!
You die...

###########
#@l....†..#
#o#######†#
.oo< #.# ###..#
###.### #..#
#...<.# #..#
#.....# #..#
#....... #..#
...........
#.##.....###...


You could see an iguana, an orc priest and 2 orcs.

Vanquished Creatures
  An orc wizard (D:3)
  A hound (D:4)
  Jessica (D:2)
  Robin (D:1)
  3 adders
  An ooze (D:1)
  2 worms
  4 dart slugs
  2 leopard geckos
  3 orcs (D:3)
  6 bats
  3 giant cockroaches
  12 goblins
  11 hobgoblins
  8 kobolds
  5 frilled lizards
  8 rats
72 creatures vanquished.

Notes
Turn   | Place    | Note
-------+----------+-------------------------------------------
     0 | D:1      | Amnesiac the Mummy Conjurer began the quest for the Orb.
     0 | D:1      | Reached XP level 1. HP: 13/13 MP: 4/4
   220 | D:1      | Reached XP level 2. HP: 18/19 MP: 0/6
   969 | D:1      | Reached XP level 3. HP: 24/24 MP: 5/8
  1344 | D:2      | Found a shimmering altar of Xom.
  1430 | D:2      | Found a white marble altar of Elyvilon.
  1458 | D:2      | Reached skill level 4 in Conjurations
  1474 | D:2      | Noticed Robin
  1617 | D:1      | Killed Robin
  1617 | D:1      | Reached XP level 4. HP: 19/30 MP: 1/10
  1619 | D:1      | Got a slimy helmet
  1625 | D:1      | Identified the +2 helmet "Ywonej" {rN+ MR- Slay+2} (You took it off Robin on level 1 of the Dungeon)
  1895 | D:2      | Learned a level 4 spell: Iskenderun's Mystic Blast
  2102 | D:2      | Found an ornate altar of the Wu Jian Council.
  2344 | D:2      | Found a hazy altar of Hepliaklqana.
  2449 | D:2      | Noticed Jessica
  2453 | D:2      | Killed Jessica
  2614 | D:3      | Reached XP level 5. HP: 35/35 MP: 3/11
  2915 | D:3      | Noticed xccam's ghost (amateur FoFi)
  2963 | D:4      | Reached skill level 5 in Conjurations
  2969 | D:4      | Mangled by an iguana

Vault maps used:
D:1:      nagdon_arrival_zigzag_paths, minmay_pentomino_s4
D:2:      overflow_temple_1_default, lemuel_crystal_altar,
          lemuel_coloured_pillars_altar, hangedman_glass_teeth,
          elyvilon_altar_5, uniq_robin, uniq_jessica
D:3:      corexii_leaking_fountain, minmay_misc_feat_nine_boxes,
          uniq_crazy_yiuf_cottage
D:4:      minmay_temple_entry_metal_lava, portal_sewer_entry_f, first_ration,
          grunt_gozag_statues, uniq_pikel, uniq_sigmund, uniq_duvessa,
          uniq_blork_the_orc

Skill      XL: |  1  2  3  4  5 |
---------------+----------------+-----
Spellcasting   | 3 4 |  4.9
Conjurations   | 4 5 |  5.0
Dodging        | |  1.5
Stealth        | |  1.5

Action                   |  1- 3 |  4- 6 || total
-------------------------+-------+-------++-------
Melee: Unarmed           |    45 |     3 ||    48
 Cast: Magic Dart        |    99 |    84 ||   183
       Iskenderun's Myst |       |     1 ||     1
  Use: Scroll            |       |     1 ||     1
Armor: Robe              |    21 |    13 ||    34
Dodge: Dodged            |    61 |    21 ||    82

Table legend:
 A = Spawn XP
 B = Non-spawn XP
 C = Spawn XP percentage of total XP
 D = Spawn monster count
 E = Non-spawn monster count
 F = Spawn count percentage of total count
 G = Total turns spent on level
                    A         B        C        D         E        F      G
               +---------+---------+-------+---------+---------+-------+---------
         Total |       0 |     306 |   0.0 |       0 |      72 |   0.0 |  2969
               +---------+---------+-------+---------+---------+-------+---------
           D:1 |       0 |      76 |   0.0 |       0 |      34 |   0.0 |  1500
           D:2 |       0 |     110 |   0.0 |       0 |      26 |   0.0 |  1038
           D:3 |       0 |      67 |   0.0 |       0 |      10 |   0.0 |   410
           D:4 |       0 |      53 |   0.0 |       0 |       2 |   0.0 |    21
               +---------+---------+-------+---------+---------+-------+---------
